 Dungeon Crawl Stone Soup version 0.31-a0-986-g5e6e4ef867 (webtiles) character file.

Game seed: 16511189374703382197

6139 Zonian the Thaumaturge (level 10, -7/50 HPs)
             Began as a Deep Elf Conjurer on Nov 4, 2023.
             Was a Follower of Sif Muna.
             Killed from afar by an oklob plant (27 damage)
             ... with a splash of acid
             ... on level 10 of the Dungeon.
             The game lasted 00:41:47 (21508 turns).

Zonian the Thaumaturge (Deep Elf Conjurer)         Turns: 21508, Time: 00:41:47

Health: -7/50      AC:  1    Str:  7    XL:     10   Next: 59%
Magic:  7/24       EV: 35    Int: 28    God:    Sif Muna [*.....]
Gold:   463        SH:  0    Dex: 13    Spells: 9/26 levels left

rFire   . . .        z - +7 dagger of Callousness {flame, Str+3}
rCold   + . .        (no shield)
rNeg    . . .        a - +0 robe
rPois   .            h - +0 helmet
rElec   .            (no cloak)
rCorr   .            (no gloves)
SInv    .            d - +1 pair of boots
Will    +....        F - amulet of the acrobat
Stlth   ++++         w - ring of protection from cold
HPRegen 0.28/turn    G - +5 ring of evasion
MPRegen 0.19/turn

%: acrobat
@: corroded, acrobatic
A: no striking features
a: Renounce Religion, Channel Magic


You were on level 10 of the Dungeon.
You worshipped Sif Muna.
Sif Muna was aware of your devotion.
You visited 2 branches of the dungeon, and saw 11 of its levels.
You also visited: Sewer and Ossuary.

You collected 667 gold pieces.
You spent 204 gold pieces at shops.

Inventory:

Hand Weapons
 g - a +0 rapier
 k - a +0 dagger
 r - a +0 sling
 s - a +0 heavy rapier
 z - the +7 dagger of Callousness (weapon) {flame, Str+3}
   (You found it on level 4 of the Dungeon)

   Str+3:     It affects your strength (+3).
 E - a +1 short sword of venom
 J - a +0 dagger of electrocution
 N - a +1 dagger of venom
 R - a +4 heavy dagger
Missiles
 j - 36 poisoned darts
 B - 8 boomerangs
 L - a throwing net
 M - 7 curare-tipped darts
Armour
 a - a +0 robe (worn)
 d - a +1 pair of boots (worn)
 h - a +0 helmet (worn)
 T - an orb of energy
Jewellery
 w - a ring of protection from cold (left hand)
 F - an amulet of the acrobat (around neck)
 G - a +5 ring of evasion (right hand)
 H - a ring of flight
 S - a +5 ring of evasion
Wands
 y - a wand of charming (13)
 A - a wand of mindburst (21)
 C - a wand of flame (18)
 P - a wand of polymorph (6)
Scrolls
 i - 3 scrolls of vulnerability
 l - 2 scrolls of revelation
 m - 2 scrolls of teleportation
 p - 2 scrolls of fog
 x - 4 scrolls of enchant weapon
 K - a scroll of amnesia
 O - a scroll of poison
Potions
 b - a potion of magic
 c - a potion of degeneration
 e - 3 potions of cancellation
 f - 2 potions of resistance
 n - 2 potions of mutation {unknown}
 o - 6 potions of heal wounds
 q - 2 potions of curing
 t - a potion of ambrosia {unknown}
 u - 2 potions of haste {unknown}
 v - a potion of attraction {unknown}
 D - a potion of berserk rage {unknown}
 I - a potion of brilliance {unknown}
 Q - a potion of might {unknown}


   Skills:
 + Level 0.6 Short Blades
 + Level 7.9 Dodging
 + Level 8.7 Stealth
 + Level 8.9 Spellcasting
 - Level 8.2 Conjurations
 + Level 6.3 Hexes
 + Level 4.8 Translocations
 + Level 4.2 Air Magic
 + Level 4.7 Poison Magic
 + Level 3.0 Invocations


You had 9 spell levels left.
You knew the following spells:

 Your Spells              Type           Power      Damage    Failure   Level
a - Magic Dart            Conj           100%       1d8       1%          1
b - Searing Ray           Conj           100%       2d8       1%          2
c - Dazzling Flash        Conj/Hex       100%       N/A       1%          3
d - Mephitic Cloud        Conj/Pois/Air  44%        N/A       1%          3
e - Iskenderun's Mystic   Conj/Tloc      49%        2d11      3%          4
f - Fulminant Prism       Conj/Hex       26%        3d13      2%          4

Your spell library contained the following spells:

 Spells                   Type           Power      Damage    Failure   Level
 Poisonous Vapours        Pois/Air       74%        N/A       1%          2
 Gell's Gravitas          Tloc           39%        N/A       1%          3
 Teleport Other           Tloc           39%        N/A       1%          3
 Freezing Cloud           Conj/Ice/Air   17%        6-21      22%         5
 Dispersal                Tloc           19%        N/A       67%         6


Dungeon Overview and Level Annotations

Branches:
Dungeon (10/15)            Temple (1/1) D:5            Lair (0/5) D:10
    Orc (0/2) D:9           Sewer (visited)         Ossuary (visited)

Altars:
Ashenzari
Cheibriados
Dithmenos
Elyvilon
Fedhas
Gozag
Hepliaklqana
Kikubaaqudgha
Makhleb
Nemelex Xobeh
Okawaru
Qazlal
Ru
Sif Muna
Trog
Uskayaw
Vehumet
Wu Jian
Xom
Yredelemnul
Zin
The Shining One

Shops:
D:2 ??:?:   D:6 :*((

Annotations:
D:10 exclusion: oklob plant
Temple 4 transporters


Message History

The oklob plant is moderately damaged.
Unknown command.
The searing ray hits the oklob plant but does no damage.
The oklob plant is moderately damaged.
Unknown command.
The searing ray hits the oklob plant but does no damage.
The oklob plant is moderately damaged.
You finish channelling your searing ray.
The oklob plant spits acid at you.
The splash of acid hits you but does no damage.
Unknown command.
Casting: Searing Ray (safe; 1% risk of failure)
Confirm with . or Enter, or press ? or * to list all spells.
Aiming: Searing Ray (safe; 1% risk of failure)
Press: ? - help, Shift-Dir - straight line, f/p - oklob plant
Aim: an oklob plant (moderately damaged, 100% to hit)
The searing ray hits the oklob plant.
The oklob plant is moderately damaged. (Press . to maintain the ray.) Unknown command.
The searing ray hits the oklob plant.
The oklob plant is moderately damaged.
The oklob plant spits acid at you. The splash of acid hits you!!
Unknown command.
The searing ray hits the oklob plant!
The oklob plant is heavily damaged.
The oklob plant spits acid at you. The splash of acid misses you.
Unknown command.
The searing ray hits the oklob plant.
The oklob plant is heavily damaged.
You finish channelling your searing ray.
The oklob plant spits acid at you. The splash of acid hits you!
The acid corrodes you!
Unknown command.
The oklob plant spits acid at you. The splash of acid hits you!!
Ouch! That really hurt!
You die...

#. ... . . ##... .#.
.≈... #.. ...# .#
#.##..P##.#
#..P.PPP..#
#≈...>P..≈#.
#....PP...#.####
#@##.P.##.#....#
##[.#...#..#....#
#.#...≈...#.....#
#....###........#
#...............###
########.......>...
###.).††.........##.
##...########.#######
#..### #..#


You could see an oklob plant.

Vanquished Creatures
  A two-headed ogre (D:9)
  Psyche (D:8)
  A kobold demonologist (D:6)
  A shadow (D:9)
  A wraith (D:9)
  3 yaks (D:10)
  A wyvern (D:8)
  A steam dragon (D:6)
  A two-headed ogre zombie (D:9)
  An acid dragon (D:10)
  3 water moccasins
  4 orc warriors
  An ice beast (D:6)
  A sky beast (D:7)
  An ogre (D:6)
  A phantom (D:6)
  2 centaurs
  7 kobold brigands
  2 bullfrogs
  A scorpion (D:6)
  10 wights
  A troll zombie (D:9)
  6 howler monkeys
  4 hounds
  A jelly (D:5)
  4 orc priests
  A gnoll bouda (D:7)
  4 iguanas
  9 orc wizards
  6 ogre zombies (D:9)
  A mummy (Ossuary)
  3 gnolls (D:7)
  3 river rats (Sewer)
  7 adders
  A white imp (D:5)
  4 ufetubi
  7 worms
  2 dart slugs
  47 orcs
  7 spectral bats (Ossuary)
  6 endoplasms
  3 giant cockroaches
  14 gnoll zombies
  6 goblins
  4 hobgoblins
  27 kobolds
  9 quokkas
  12 ball pythons
  8 bats
  5 frilled lizards
  2 gnoll skeletons (D:9)
  7 goblin zombies (Ossuary)
  5 hobgoblin zombies (Ossuary)
  6 kobold zombies
  5 orc skeletons (D:9)
  18 orc zombies
  6 rats
  3 spectral goblins (Ossuary)
  5 spectral kobolds (Ossuary)
  4 spectral rats (Ossuary)
318 creatures vanquished.

Vanquished Creatures (others)
  An orc wizard (D:8)
  2 fulminant prisms (D:9)
3 creatures vanquished.

Grand Total: 321 creatures vanquished

Notes
Turn   | Place    | Note
-------+----------+-------------------------------------------
     0 | D:1      | Zonian the Deep Elf Conjurer began the quest for the Orb.
     0 | D:1      | Reached XP level 1. HP: 10/10 MP: 6/6
   195 | D:1      | Reached XP level 2. HP: 15/15 MP: 4/8
   849 | D:1      | Reached XP level 3. HP: 19/19 MP: 7/10
  1198 | D:2      | Found Yzxeaw's Book Shop.
  1435 | D:2      | Found Xiruhu's Magic Scroll Emporium.
  1544 | D:2      | Found a faded altar of an unknown god.
  1554 | D:2      | Found Ycziazof's Magic Scroll Shop.
  1674 | D:2      | Found Ywneskuj's Book Shop.
  1790 | D:2      | Found Zoschaap's Magic Scroll Shoppe.
  1807 | D:2      | Bought a scroll of teleportation for 39 gold pieces
  1892 | D:3      | Found a white marble altar of Elyvilon.
  2077 | D:3      | Reached XP level 4. HP: 24/24 MP: 9/11
  2150 | D:3      | Found a glowing drain.
  2246 | Sewer    | Entered a sewer
  2405 | Sewer    | Reached skill level 5 in Conjurations
  2413 | Sewer    | Learned a level 2 spell: Searing Ray
  2889 | Sewer    | Noticed a kobold brigand
  2903 | Sewer    | Killed a kobold brigand
  2904 | Sewer    | Reached XP level 5. HP: 28/28 MP: 4/13
  3511 | Sewer    | Reached skill level 5 in Spellcasting
  3511 | Sewer    | Reached XP level 6. HP: 15/32 MP: 1/15
  3868 | Sewer    | Reached skill level 5 in Stealth
  5032 | D:3      | Reached XP level 7. HP: 36/36 MP: 11/17
  5408 | D:4      | Reached skill level 5 in Dodging
  5486 | D:4      | Found a sand-covered staircase.
  5503 | Ossuary  | Entered an ossuary
  5831 | Ossuary  | Learned a level 3 spell: Dazzling Flash
  8214 | D:4      | Reached skill level 1 in Hexes
  8229 | D:4      | Identified the +7 dagger of Callousness {flame, Str+3}
  9304 | D:4      | Learned a level 3 spell: Mephitic Cloud
  9309 | D:4      | Learned a level 4 spell: Iskenderun's Mystic Blast
  9461 | D:5      | Entered Level 5 of the Dungeon
  9510 | D:5      | Reached XP level 8. HP: 6/41 MP: 9/19
 10080 | D:5      | Reached skill level 1 in Poison Magic
 10270 | D:5      | Found a staircase to the Ecumenical Temple.
 10279 | Temple   | Found a transporter.
 10279 | Temple   | Found a transporter.
 10279 | Temple   | Found a transporter.
 10279 | Temple   | Found a transporter.
 10279 | Temple   | Entered the Ecumenical Temple
 10369 | D:5      | Reached skill level 1 in Translocations
 10736 | D:5      | Reached skill level 1 in Air Magic
 11506 | D:6      | Found a shimmering altar of Xom.
 11508 | D:6      | Found a glowing golden altar of the Shining One.
 11516 | D:6      | Found a radiant altar of Vehumet.
 11734 | D:6      | Found Nad Peaj's Weapon Shoppe.
 11736 | D:6      | Found Nixkug's Assorted Antiques.
 11743 | D:6      | Found Inozi's Book Shoppe.
 11748 | D:6      | Found Piyl's Weapon Shoppe.
 12067 | D:6      | Noticed a kobold demonologist
 12080 | D:6      | Noticed a hellwing
 12082 | D:6      | Noticed a sun demon
 12089 | D:6      | Killed a kobold demonologist
 13234 | D:6      | Reached XP level 9. HP: 45/45 MP: 8/22
 13887 | D:6      | Bought a bone ring for 165 gold pieces
 15331 | D:7      | Found an iron altar of Okawaru.
 15647 | D:7      | Found a hazy altar of Hepliaklqana.
 15744 | D:7      | Reached skill level 5 in Hexes
 15802 | D:7      | Learned a level 4 spell: Fulminant Prism
 15804 | D:7      | Noticed a gargoyle
 15903 | D:8      | Found a shimmering blue altar of Sif Muna.
 15909 | D:8      | Became a worshipper of Sif Muna the Loreminder
 16308 | D:8      | Noticed Psyche
 17090 | D:8      | Killed Psyche
 17091 | D:8      | Reached skill level 1 in Invocations
 17546 | D:9      | Noticed a two-headed ogre
 17557 | D:9      | Killed a two-headed ogre
 17558 | D:9      | Reached XP level 10. HP: 37/50 MP: 8/24
 18705 | D:9      | Found a staircase to the Orcish Mines.
 18706 | D:9      | Reached * piety under Sif Muna
 20432 | D:9      | Found a snail-covered altar of Cheibriados.
 20693 | D:10     | Entered Level 10 of the Dungeon
 21048 | D:10     | Noticed a two-headed ogre
 21189 | D:10     | Noticed a two-headed ogre
 21211 | D:10     | Found a blossoming altar of Fedhas.
 21271 | D:10     | Found a staircase to the Lair.
 21483 | D:10     | Noticed an oklob plant
 21508 | D:10     | Killed from afar by an oklob plant

Illustrated notes

Levels and vault maps discovered:
D:1:      dpeg_arrival_subterranean_lakeside_camping, layout_basic,
          chequers_serial_rivers_small_a, st_stairs_4, serial_bayou_crossing
D:2:      layout_basic, serial_shops, shop, shop, nicolae_shop_tiny_glass, shop,
          shop, dreamdust_ecumenical_altar_angels_and_demons
D:3:      layout_loops_cross, mainiacjoe_overflow_tiny_flanked,
          cheibrodos_sewer_entry_sluice
D:4:      layout_basic, enter_ossuary_3
D:5:      layout_basic, minmay_temple_entry_stoned_glass, grunt_decor_cap
D:6:      layout_loops_corners, minitemple, minmay_shop_grid_forest,
          hangedman_abyss_or_decor_passed
D:7:      layout_basic, kennysheep_mini_moat, nzn_hepliaklqana_mist_gate,
          minmay_microvault
D:8:      layout_gridville, kennysheep_little_box, uniq_psyche
D:9:      layout_irregular_city, slow_altar_2, zombieorc2_lemuel,
          lightli_orcish_oven
D:10:     layout_roguey, mainiacjoe_overflow_brackets, dpeg_oklobed_lair,
          lemuel_flamethrower_1
Temple:   hellmonk_temple_divided_pantheon

Skill      XL: |  1  2  3  4  5  6  7  8  9 10 |
---------------+-------------------------------+-----
Stealth        | 3 4 5 6 7 8 |  8.7
Dodging        | 3 4 5 6 7 |  7.9
Spellcasting   | 4 5 6 7 8 |  8.9
Conjurations   | 5 6 7 8 |  8.2
Hexes          | 2 4 5 6 |  6.3
Poison Magic   | 2 4 |  4.7
Translocations | 2 4 |  4.8
Air Magic      | 2 3 4 |  4.2
Invocations    | 1 3 |  3.0
Short Blades   | |  0.6

Action                     |  1- 3 |  4- 6 |  7- 9 | 10-12 || total
---------------------------+-------+-------+-------+-------++-------
  Melee: Unarmed           |    15 |       |       |       ||    15
         Dagger            |       |       |    32 |    20 ||    52
         Punch             |       |       |     1 |       ||     1
   Cast: Magic Dart        |    89 |   147 |   281 |   141 ||   658
         Searing Ray       |       |     9 |    61 |    28 ||    98
         Mephitic Cloud    |       |       |     9 |     1 ||    10
         Iskenderun's Myst |       |       |     2 |     3 ||     5
         Fulminant Prism   |       |       |     1 |     1 ||     2
         Dazzling Flash    |       |       |       |     2 ||     2
    Use: Scroll            |       |    11 |     8 |     1 ||    20
         Potion            |       |     1 |     3 |       ||     4
   Stab: Sleeping          |       |       |     5 |     1 ||     6
 Armour: Robe              |    19 |    19 |    91 |    19 ||   148
  Dodge: Dodged            |    19 |    24 |   131 |    63 ||   237

Table legend: (Time is in decaauts)
 A = Elapsed time spent in this place.
 B = Non-inter-level travel time spent in this place.
 C = Inter-level travel time spent in this place.
 D = Time resting spent in this place.
 E = Time spent auto-exploring this place.
 F = Levels seen in this place.
 G = Mean time per level.
                   A        B        C        D        E       F      G
               +--------+--------+--------+--------+--------+-----+--------+
         Total |  21711 |  21481 |    230 |  11636 |   6772 |  13 | 1670.1 |
       Dungeon |  16806 |  16576 |    230 |   8185 |   6005 |  10 | 1680.6 |
        Temple |     35 |     35 |      0 |      0 |      0 |   1 |   35.0 |
         Sewer |   2207 |   2207 |      0 |   1190 |    767 |   1 | 2207.0 |
       Ossuary |   2661 |   2661 |      0 |   2261 |      0 |   1 | 2661.0 |
               +--------+--------+--------+--------+--------+-----+--------+

Top non-repeatable levels by time:
     D:9: 3240 daAuts
     D:6: 3113 daAuts
 Ossuary: 2661 daAuts
   Sewer: 2207 daAuts
     D:5: 1693 daAuts
     D:7: 1599 daAuts
     D:8: 1556 daAuts
     D:3: 1469 daAuts
     D:4: 1425 daAuts
     D:1: 1165 daAuts
    D:10: 814 daAuts
     D:2: 728 daAuts
  Temple: 35 daAuts
